 Dungeon Crawl Stone Soup version 0.17.0-28-g6e173f8 (webtiles) character file.

161 septik the Conjurer (level 5, -2/28 HPs)
             Began as a Deep Elf Conjurer on Nov 26, 2015.
             Killed from afar by an orc wizard (7 damage)
             ... with a magic dart
             ... on level 3 of the Dungeon.
             The game lasted 00:05:32 (1666 turns).

septik the Conjurer (Deep Elf Conjurer)             Turns: 1666, Time: 00:05:32

Health: -2/28      AC:  6    Str:  5    XL:     5   Next: 18%
Magic:  1/14       EV: 13    Int: 21    God:
Gold:   118        SH:  0    Dex: 15    Spells: 1 memorised, 13 levels left

rFire  . . .     SeeInvis .     m - +0 dagger
rCold  . . .     Clarity  .     a - +0 robe
rNeg   . . .     SustAt   .     (no shield)
rPois  .         Gourm    .     (no helmet)
rElec  .         Spirit   .     y - +0 cloak
rCorr  .         Warding  .     (no gloves)
rMut   .         Stasis   .     (no boots)
MR     .....                    (no amulet)
Stlth  +.........               g - ring of wizardry
                                i - +3 ring of protection

@: confused, lethally poisoned (-2 -> -7), not resistant to hostile
enchantments, very unstealthy
A: no striking features
a: no special abilities


You were on level 3 of the Dungeon.
You were not hungry.

You visited 1 branch of the dungeon, and saw 3 of its levels.

You collected 118 gold pieces.

Inventory:

Hand Weapons
 m - a +0 dagger (weapon)
Missiles
 e - 103 stones (quivered)
Armour
 a - a +0 robe (worn)
 y - a +0 cloak (worn)
Jewellery
 g - a ring of wizardry (right hand)
 i - a +3 ring of protection (left hand)
Wands
 z - a wand of digging (6)
Scrolls
 f - a scroll of recharging
 k - a scroll of fog {unknown}
 l - a scroll of enchant armour {unknown}
 p - a scroll of fear {unknown}
 r - a scroll of teleportation {unknown}
 u - 3 scrolls of identify {unknown}
 x - a scroll of amnesia {unknown}
Potions
 h - a potion of heal wounds
 j - a potion of mutation {unknown}
 n - a potion of cure mutation {unknown}
 o - a potion of degeneration {unknown}
 s - 2 potions of lignification {unknown}
 v - a potion of agility {unknown}
Books
 b - a book of Conjurations

   Spells                             Type                      Level
   a - Magic Dart                     Conjuration                  1
   b - Searing Ray                    Conjuration                  2
   c - Dazzling Spray                 Conjuration/Hexes            3
   d - Fulminant Prism                Conjuration/Hexes            4
   e - Iskenderun's Mystic Blast      Conjuration                  4
   f - Iskenderun's Battlesphere      Conjuration/Charms           5
Comestibles
 c - 2 bread rations
 d - 3 fruits
 q - a beef jerky
 t - a royal jelly
 w - 8 chunks of flesh


   Skills:
 - Level 2.4 Dodging
 - Level 2.4 Stealth
 + Level 5.0 Spellcasting
 * Level 6.3 Conjurations


You had 13 spell levels left.
You knew the following spells:

 Your Spells              Type           Power        Failure   Level  Hunger
a - Magic Dart            Conj           ####         1%          1    None


Dungeon Overview and Level Annotations

Branches:
Dungeon (3/15)

Altars:


Message History

You feel sick. The orc wizard casts a spell at you. The magic dart hits you!
* * * LOW HITPOINT WARNING * * *
Casting: Magic Dart
Confirm with . or Enter, or press ? or * to list all spells.
Aiming: Magic Dart
Press: ? - help, Shift-Dir - straight line, f/p - orc wizard
Aim: an orc wizard, wielding a dagger and wearing a robe (severely wounded)
The magic dart hits the orc wizard.
The orc wizard is almost dead.
The orc wizard casts a spell at you.
You are confused.
You bump into the rock wall.
* * * LOW HITPOINT WARNING * * *
You feel sick.
The orc wizard hits you but does no damage.
The orc wizard casts a spell at you. The magic dart hits you!
You die...

. #. #.#. .....##
#..#.#. #...... #..o##
#.)## ##)@# ##.# #.#
.# #.# .. #.## #### .#
#..## #..# ###.# .
##..###..####...##
...####..>....##.....#
.....................#


You could see an orc wizard.

Vanquished Creatures
  The ghost of M4edhros the Charlatan, an amateur OpAr (D:3)
  5 adders (D:2)
  2 worms (D:2)
  A giant gecko (D:1)
  2 orcs (D:3)
  2 hobgoblins (D:1)
  5 kobolds
  A quokka (D:2)
  A ball python (D:2)
  9 bats
  A giant cockroach (D:2)
  3 giant newts
  5 goblins
  3 jackals (D:1)
  A rat (D:1)
42 creatures vanquished.

Notes
Turn   | Place    | Note
--------------------------------------------------------------
     0 | D:1      | septik the Deep Elf Conjurer began the quest for the Orb.
     0 | D:1      | Reached XP level 1. HP: 10/10 MP: 6/6
   337 | D:1      | Reached XP level 2. HP: 15/15 MP: 6/8
   941 | D:2      | Reached skill level 5 in Conjurations
   974 | D:2      | Reached XP level 3. HP: 19/19 MP: 4/10
  1512 | D:2      | Reached XP level 4. HP: 24/24 MP: 6/12
  1646 | D:3      | Noticed M4edhros's ghost (amateur OpAr)
  1651 | D:3      | Killed M4edhros's ghost
  1651 | D:3      | Reached skill level 5 in Spellcasting
  1651 | D:3      | Reached skill level 6 in Conjurations
  1651 | D:3      | Reached XP level 5. HP: 23/28 MP: 2/14
  1666 | D:3      | Killed from afar by an orc wizard

Action                   |  1- 3 |  4- 6 || total
-------------------------+-------+-------++-------
Melee: Dagger            |     6 |       ||     6
 Cast: Magic Dart        |    62 |    26 ||    88
  Use: Scroll            |     2 |       ||     2
       Potion            |     1 |       ||     1
  Eat: Chunk             |     2 |       ||     2
